 Dungeon Crawl Stone Soup version 0.27-a0-836-gfc908b8576 (webtiles) character file.

Game seed: 11348368920838878417

2131 HendSelp the Quickloader (level 9, -1/48 HPs)
             Began as a Kobold Hunter on Mar 31, 2021.
             Was a Follower of Okawaru.
             Slain by a black bear (4 damage)
             ... on level 7 of the Dungeon.
             The game lasted 00:09:37 (9270 turns).

HendSelp the Quickloader (Kobold Hunter)            Turns: 9270, Time: 00:09:37

Health: -1/48      AC:  8    Str:  9    XL:     9   Next: 55%
Magic:  9/9        EV: 14    Int: 13    God:    Okawaru [*.....]
Gold:   301        SH:  7    Dex: 18    Spells: 8/8 levels left

rFire    + . .     SeeInvis .   s - +0 rapier
rCold    . . .     Faith    .   n - +0 buckler
rNeg     . . .     Spirit   .   c - +2 leather armour
rPois    .         Reflect  .   q - +2 helmet
rElec    .         Harm     .   (no cloak)
rCorr    .         Rampage  .   (no gloves)
Will     .....                  (no boots)
Stlth    +++.......             e - amulet of the acrobat
HPRegen  0.16/turn              k - ring of protection from fire
MPRegen  0.11/turn              (no ring)

@: no status effects
A: small, no large weapons, nightstalker 3
a: Renounce Religion, Heroism


You were on level 7 of the Dungeon.
You worshipped Okawaru.
Okawaru was aware of your devotion.
You visited 1 branch of the dungeon, and saw 7 of its levels.

You collected 301 gold pieces.

Inventory:

Hand Weapons
 a - a +2 hand crossbow
 s - a +0 rapier (weapon)
Armour
 c - a +2 leather armour (worn)
 n - a +0 buckler (worn)
 q - a +2 helmet (worn)
Jewellery
 e - an amulet of the acrobat (around neck)
 k - a ring of protection from fire (left hand)
Wands
 h - a wand of flame (42)
 r - a wand of charming (7)
Scrolls
 b - a scroll of magic mapping
 m - 2 scrolls of immolation
 o - 2 scrolls of amnesia
 p - 2 scrolls of identify
Potions
 f - a potion of brilliance
 g - 2 potions of resistance
 j - a potion of haste
 l - a potion of might


   Skills:
 - Level 2.1 Fighting
 + Level 5.0 Short Blades
 - Level 10.1 Crossbows
 - Level 2.4 Dodging
 - Level 1.3 Stealth
 - Level 7.0 Shields


You had 8 spell levels left.
You didn't know any spells.
Your spell library contained the following spells:

 Spells                   Type           Power      Damage    Failure   Level
 Magic Dart               Conj           0%         1d3       41%         1
 Blink                    Tloc           N/A        N/A       54%         2
 Call Imp                 Summ           0%         N/A       54%         2
 Slow                     Hex            0%         N/A       54%         2
 Conjure Flame            Conj/Fire      0%         6-21      78%         3
 Mephitic Cloud           Conj/Pois/Air  0%         N/A       78%         3


Dungeon Overview and Level Annotations

Branches:
Dungeon (7/15)
 Temple: D:4-7

Altars:
Cheibriados
Elyvilon
Nemelex Xobeh
Okawaru
Qazlal
Sif Muna
Yredelemnul


Innate Abilities, Weirdness & Mutations

You are small and have problems with some larger weapons.
You are completely attuned to the shadows.


Message History

You block the black bear's attack. The black bear claws you.
You hit the black bear.
The black bear is almost dead.
The black bear completely misses you.
The black bear claws you but does no damage. x2
You hit the black bear but do no damage.
The black bear is almost dead.
The black bear bites you! The black bear closely misses you.
The black bear claws you but does no damage.
The black bear barely misses you. The black bear claws you. x2
You are too injured to fight recklessly!
You are too injured to fight recklessly!
You are too injured to fight recklessly!
You are too injured to fight recklessly!
You are too injured to fight recklessly!
You are too injured to fight recklessly!
You are too injured to fight recklessly!
You are too injured to fight recklessly!
You are too injured to fight recklessly!
You are too injured to fight recklessly!
You are too injured to fight recklessly!
You are too injured to fight recklessly!
You are too injured to fight recklessly!
You are too injured to fight recklessly!
You hit the black bear.
The black bear is almost dead.
The black bear bites you.
* * * LOW HITPOINT WARNING * * *
You block the black bear's attack. The black bear claws you.
* * * LOW HITPOINT WARNING * * *
You hit the black bear.
The black bear is almost dead.
The black bear completely misses you. The black bear closely misses you.
You block the black bear's attack. x2; The black bear misses you.
The black bear claws you.
* * * LOW HITPOINT WARNING * * *
You barely miss the black bear.
The black bear is almost dead.
The black bear bites you.
You die...

.....#
.....##
#.....###
#.......###
#...[.@...#
#....#.h(.#
#...####((#
##.## ..#
#.# .# #.#
#.# ##.#
#..#


You could see a black bear (berserk).

Vanquished Creatures
  A human (D:2)
  A black bear (D:5)
  2 necrophages (D:6)
  3 ice beasts (D:6)
  2 ogres
  A centaur (D:7)
  A phantom (D:6)
  A bullfrog (D:6)
  3 scorpions
  A wyvern skeleton (D:5)
  3 wights (D:6)
  A howler monkey (D:6)
  2 jellies
  2 hounds (D:6)
  A centaur skeleton (D:7)
  2 centaur zombies
  An orc priest (D:4)
  2 iguanas (D:5)
  Ijyb (D:5)
  Terence (D:2)
  An orc wizard (D:5)
  A human skeleton (D:2)
  2 killer bee zombies
  A hound skeleton (D:4)
  8 adders
  4 gnolls
  A shadow imp (D:6)
  3 white imps
  An ufetubus (D:6)
  An adder skeleton (D:2)
  3 worms
  A dart slug (D:2)
  7 orcs
  8 endoplasms
  4 giant cockroaches
  2 goblins (D:1)
  2 hobgoblins
  2 jackals (D:1)
  9 kobolds
  3 quokkas
  6 ball pythons
  4 bats
  5 frilled lizards
  5 rats
116 creatures vanquished.

Notes
Turn   | Place    | Note
-------+----------+-------------------------------------------
     0 | D:1      | HendSelp the Kobold Hunter began the quest for the Orb.
     0 | D:1      | Reached XP level 1. HP: 12/12 MP: 1/1
    26 | D:1      | Reached skill level 5 in Crossbows
    83 | D:1      | Reached XP level 2. HP: 17/17 MP: 2/2
   848 | D:2      | Reached XP level 3. HP: 21/21 MP: 3/3
   858 | D:2      | Reached skill level 6 in Crossbows
  1092 | D:2      | Reached XP level 4. HP: 19/26 MP: 4/4
  1415 | D:2      | Reached skill level 7 in Crossbows
  1437 | D:2      | Noticed Terence
  1442 | D:2      | Killed Terence
  1443 | D:2      | Reached XP level 5. HP: 30/30 MP: 5/5
  1521 | D:2      | Found a runed translucent door.
  1521 | D:2      | Noticed a human
  1524 | D:2      | Found a basalt altar of Yredelemnul.
  1734 | D:2      | Noticed an ogre
  1738 | D:2      | Killed an ogre
  1739 | D:2      | Reached skill level 8 in Crossbows
  1739 | D:2      | Reached XP level 6. HP: 35/35 MP: 6/6
  1845 | D:2      | Killed a human
  1846 | D:2      | Reached skill level 9 in Crossbows
  2176 | D:3      | Reached XP level 7. HP: 40/40 MP: 7/7
  3367 | D:4      | Reached skill level 1 in Shields
  3595 | D:4      | Found a shimmering blue altar of Sif Muna.
  3723 | D:4      | Found a stormy altar of Qazlal.
  3723 | D:4      | Noticed an air elemental
  4145 | D:4      | Noticed a fire elemental
  4149 | D:4      | Noticed a water elemental
  4545 | D:5      | Entered Level 5 of the Dungeon
  4637 | D:5      | Noticed Ijyb
  4643 | D:5      | Killed Ijyb
  5026 | D:5      | Reached XP level 8. HP: 42/44 MP: 8/8
  5179 | D:5      | Found an iron altar of Okawaru.
  5545 | D:5      | HP: 3/66 [iguana (2)]
  5548 | D:5      | HP: 1/66 [iguana (2)]
  6604 | D:5      | Became a worshipper of Warmaster Okawaru
  6608 | D:6      | Found a sparkling altar of Nemelex Xobeh.
  6616 | D:6      | Reached skill level 5 in Shields
  7141 | D:6      | Reached * piety under Okawaru
  7142 | D:6      | Reached XP level 9. HP: 34/48 MP: 9/9
  7651 | D:6      | Found a white marble altar of Elyvilon.
  7814 | D:6      | Reached skill level 10 in Crossbows
  8679 | D:6      | Found a snail-covered altar of Cheibriados.
  9252 | D:7      | Reached skill level 5 in Short Blades
  9270 | D:7      | Slain by a black bear

Illustrated notes

Levels and vault maps discovered:
D:1:      psy_arrival_heroes, layout_loops_ring
D:2:      minmay_wonky_spiral, layout_rooms, grunt_ministairs_13,
          dk_yredelemnul_ordeal, uniq_terence
D:3:      layout_basic, feat_on_display
D:4:      layout_gridville, overflow_temple_1_default,
          nicolae_qazlal_style_of_elements, nicolae_overflow_hidden_temple
D:5:      layout_loops_corners, general_overflow_altar, serial_co_window_serial,
          co_window_paths_a, co_window_of_opportunity_a,
          co_window_of_opportunity_a, co_window_paths_a, co_window_paths_b,
          co_window_paths_a, co_window_of_opportunity_a, co_window_2corner,
          co_window_of_opportunity_c, co_window_broadway_b, glass_columns_a,
          uniq_ijyb
D:6:      minmay_octagon_keep, layout_loops_ring, slow_altar_2,
          elyvilon_altar_3, basic_altar
D:7:      layout_layer_cave, nicolae_hepliaklqana_hazy_memory, temple_green

Skill      XL: |  1  2  3  4  5  6  7  8  9 |
---------------+----------------------------+-----
Crossbows      | 5 6 7 8 9 10 | 10.1
Shields        | 3 6 7 |  7.0
Short Blades   | 5 |  5.0
Fighting       | |  2.1
Dodging        | |  2.4
Stealth        | |  1.3

Action                   |  1- 3 |  4- 6 |  7- 9 || total
-------------------------+-------+-------+-------++-------
Melee: Rapier            |       |       |   129 ||   129
 Fire: Hand crossbow     |    50 |    66 |   199 ||   315
Evoke: Wand              |       |       |     1 ||     1
  Use: Scroll            |     4 |     4 |     8 ||    16
       Potion            |       |       |     5 ||     5
 Stab: Sleeping          |       |       |     1 ||     1
Armor: Leather armour    |     2 |     3 |    83 ||    88
       Skin              |       |       |     6 ||     6
Dodge: Dodged            |    16 |    13 |   170 ||   199
Block: Buckler           |       |       |    72 ||    72

Table legend: (Time is in decaauts)
 A = Elapsed time spent in this place.
 B = Non-inter-level travel time spent in this place.
 C = Inter-level travel time spent in this place.
 D = Time resting spent in this place.
 E = Time spent auto-exploring this place.
 F = Levels seen in this place.
 G = Mean time per level.
                   A        B        C        D        E       F      G
               +--------+--------+--------+--------+--------+-----+--------+
         Total |   9300 |   8723 |    577 |   1251 |   6483 |   7 | 1328.6 |
       Dungeon |   9300 |   8723 |    577 |   1251 |   6483 |   7 | 1328.6 |
               +--------+--------+--------+--------+--------+-----+--------+

Top non-repeatable levels by time:
     D:6: 2277 daAuts
     D:5: 2065 daAuts
     D:4: 1487 daAuts
     D:3: 1175 daAuts
     D:2: 1051 daAuts
     D:1: 850 daAuts
     D:7: 393 daAuts
